 Dungeon Crawl Stone Soup version 0.22-a0-512-g0943f25 (webtiles) character file.

988 Supahsalami the Skirmisher (level 7, -6/57 HPs)
             Began as a Demonspawn Abyssal Knight on June 18, 2018.
             Was an Elder of Lugonu.
             Killed by divine providence
             ... invoked by an orc priest
              (12 damage)
             ... on level 6 of the Dungeon.
             The game lasted 00:31:14 (6605 turns).

Supahsalami the Skirmisher (DsAK)                   Turns: 6605, Time: 00:31:15

Health: -6/57      AC: 11    Str: 14    XL:     7   Next: 97%
Magic:  0/9        EV:  9    Int: 14    God:    Lugonu [****..]
Gold:   206        SH:  0    Dex: 12    Spells: 6/6 levels left

rFire    . . .     SeeInvis .   a - +1 mace
rCold    + . .     Gourm    .   (no shield)
rNeg     . . .     Faith    +   e - +0 scale mail {rF+}
rPois    +         Spirit   +   r - +0 helmet
rElec    .         Reflect  .   z - scarf {Spirit}
rCorr    .         Harm     .   (no gloves)
MR       .....                  (no boots)
Stlth    +.........             w - amulet of faith
HPRegen  0.19/turn              f - ring of poison resistance
MPRegen  0.11/turn              t - ring of ice

@: no status effects
A: claws 1, slimy green scales 2, nightstalker 1, spiny 1
a: Depart the Abyss, Bend Space, Banish, Corrupt, Renounce Religion


You were on level 6 of the Dungeon.
You worshipped Lugonu.
Lugonu was greatly pleased with you.
You were very hungry.

You visited 2 branches of the dungeon, and saw 8 of its levels.
You visited the Abyss 1 time.
You also visited: Sewer.

You collected 206 gold pieces.

Inventory:

Hand Weapons
 a - a +1 mace (weapon)
 b - the +6 hunting sling of Domination {velocity, Dex+3}
   (You found it on level 5 of the Dungeon)

   Any stone fired from it inflicts extra damage.
   It affects your dexterity (+3).
 v - a +2 dagger of venom
 C - a +0 whip of electrocution
 G - a +0 blowgun
Missiles
 l - 17 poisoned needles
 m - 18 sling bullets
 q - 135 stones (quivered)
Armour
 e - a +0 scale mail of fire resistance (worn)
 r - a +0 helmet (worn)
 z - a scarf of spirit shield (worn)
 A - a +0 shield
 H - a cursed +0 plate armour
Jewellery
 f - a ring of poison resistance (left claw)
 g - an uncursed amulet of rage
 t - a ring of ice (right claw)
 w - an amulet of faith (around neck)
 I - an uncursed ring of protection from fire
Wands
 D - a wand of flame (12)
Scrolls
 h - a scroll of identify
 k - 3 scrolls of fear {unknown}
 o - a scroll of random uselessness {unknown}
 p - a scroll of teleportation {unknown}
 x - a scroll of amnesia
 y - a scroll of remove curse
Potions
 d - 9 potions of curing
 i - a potion of invisibility
 j - a potion of ambrosia
 n - 2 potions of might
 s - 6 potions of flight
 u - a potion of haste
 B - 5 potions of agility
 E - a potion of magic {unknown}
Comestibles
 c - 6 rations
 F - 3 chunks of flesh


   Skills:
 + Level 5.7 Fighting
 + Level 5.2 Maces & Flails
 + Level 5.0 Armour
 - Level 1.1 Dodging
 - Level 0.4 Stealth
 - Level 2.8 Invocations


You had 6 spell levels left.
You didn't know any spells.
Your spell library contained the following spells:

 Spells                   Type           Power        Failure   Level  Hunger
 Invisibility             Hex            #.......     100%        6    #######
 Swiftness                Chrm/Air       #.......     86%         2    ###....
 Passwall                 Tmut/Erth      #.......     86%         2    ###....
 Lee's Rapid Deconstruct  Erth           #.........   100%        5    ######.
 Passage of Golubria      Tloc           N/A          100%        4    #####..
 Darkness                 Hex            #.........   100%        6    #######


Dungeon Overview and Level Annotations

Branches:
Dungeon (7/15)             Temple (1/1) D:4

Altars:
Ashenzari
Dithmenos
Elyvilon
Fedhas
Gozag
Kikubaaqudgha
Makhleb
Nemelex Xobeh
Okawaru
Qazlal
Ru
Sif Muna
Trog
Uskayaw
Vehumet
Wu Jian
Xom
Yredelemnul
Zin
The Shining One


Innate Abilities, Weirdness & Mutations

You have sharp fingernails.
You are mostly covered in slimy green scales. (AC +3)
You are slightly more attuned to the shadows.
You are partially covered in sharp spines.


Message History

The orc's wounds heal themselves!
You closely miss the orc priest.
The orc priest is severely wounded.
The orc hits you.
The orc priest mumbles some strange prayers to Beogh against you.
Beogh smites you!
* * * LOW HITPOINT WARNING * * *
The orc is struck by your spines. The orc barely misses you.
You hit the orc priest.
The orc priest is almost dead.
The orc priest calls down the wrath of Beogh upon you.
Pain shoots through your body!
* * * LOW HITPOINT WARNING * * *
The orc priest calls upon Beogh to heal the orc.
The orc's wounds heal themselves!
The orc hits you but does no damage. Space bends around you!
You blink.
The orc priest calls upon Beogh to heal something.
The orc priest mumbles some strange prayers to Beogh against you.
Beogh smites you!
You die...

,,...oo...#####
,,.........o..###
,,...o.o..oo....#
,,......###o###.##
,,......##§..##..#
*,..##..#...o.#..#
**##*##.#........### #######
*,,,,,,,#.....#....#### #.....#
*,,,,,,,##...##.@†....####.....#
*,,,,,,,*######...###..........#
******,,,,,,....#.##...........#
*,,,,,....##....#####.....#
***,,............####.....##
*,,........###....########
*,,.........#####># ##..
**,,,,,.......###.#####[.#
*,,,,,.,,..#.............


You could see 3 orc priests and an orc.

Vanquished Creatures
  Duvessa (D:5)
  A big kobold (Sewer)
  Dowan (D:5)
  3 crimson imps
  A centaur zombie (D:6)
  2 hounds
  An orc priest (D:2)
  A bullfrog skeleton (D:6)
  A centaur skeleton (D:4)
  2 iguanas (D:4)
  4 orc wizards
  A worker ant (D:4)
  11 adders
  4 river rats (Sewer)
  A shadow imp (D:4)
  4 worms
  2 dart slugs
  4 leopard geckos
  20 orcs
  7 bats
  7 giant cockroaches
  5 goblins
  5 hobgoblins
  4 jackals (D:1)
  3 quokkas
  5 ball pythons
  4 frilled lizards
  25 kobolds
  29 rats
159 creatures vanquished.

Notes
Turn   | Place    | Note
-------+----------+-------------------------------------------
     0 | Abyss:1  | Supahsalami the Demonspawn Abyssal Knight began the quest for the Orb.
     0 | Abyss:1  | Reached XP level 1. HP: 18/18 MP: 2/2
     0 | Abyss:1  | Found a corrupted altar of Lugonu.
   121 | Abyss:2  | Noticed an orange demon
   139 | Abyss:2  | Noticed a starcursed mass
   142 | D:1      | Escaped the Abyss
   487 | D:1      | Reached * piety under Lugonu
   518 | D:1      | Gained mutation: You are partially covered in slimy green scales. (AC +2) [demonic ancestry]
   518 | D:1      | Reached XP level 2. HP: 24/24 MP: 3/3
  1233 | D:2      | Gained mutation: You are partially covered in sharp spines. [demonic ancestry]
  1233 | D:2      | Reached XP level 3. HP: 16/29 MP: 5/5
  1705 | D:2      | Reached skill level 1 in Dodging
  1705 | D:2      | Gained mutation: You have sharp fingernails. [demonic ancestry]
  1705 | D:2      | Reached XP level 4. HP: 6/35 MP: 6/6
  2043 | D:2      | Reached ** piety under Lugonu
  2560 | D:3      | Gained mutation: You are mostly covered in slimy green scales. (AC +3) [demonic ancestry]
  2560 | D:3      | Reached XP level 5. HP: 22/42 MP: 7/7
  3147 | D:3      | Found a shattered altar of Ashenzari.
  3154 | D:3      | Found an opulent altar of Gozag.
  3159 | D:3      | Found a glowing golden altar of the Shining One.
  3166 | D:3      | Found an ancient bone altar of Kikubaaqudgha.
  3171 | D:3      | Found a sacrificial altar of Ru.
  3178 | D:3      | Found a sparkling altar of Nemelex Xobeh.
  3183 | D:3      | Found an iron altar of Okawaru.
  3315 | D:4      | Found a staircase to the Ecumenical Temple.
  3330 | Temple   | Entered the Ecumenical Temple
  3753 | D:5      | Entered Level 5 of the Dungeon
  3781 | D:4      | Gained mutation: You are slightly more attuned to the shadows. [demonic ancestry]
  3781 | D:4      | Reached XP level 6. HP: 34/48 MP: 8/8
  4248 | D:4      | Reached *** piety under Lugonu
  4954 | D:6      | Found a glowing drain.
  4969 | Sewer    | Entered a sewer
  5236 | Sewer    | Reached **** piety under Lugonu
  5251 | Sewer    | Reached XP level 7. HP: 53/55 MP: 9/9
  5383 | Sewer    | Reached skill level 5 in Fighting
  5623 | D:5      | Found a radiant altar of Vehumet.
  5637 | D:5      | Noticed Dowan
  5663 | D:5      | Killed Dowan
  5769 | D:5      | Noticed Duvessa
  5778 | D:5      | Killed Duvessa
  6031 | D:5      | Got a dazzling hunting sling
  6097 | D:5      | Identified the +6 hunting sling of Domination {velocity, Dex+3} (You found it on level 5 of the Dungeon)
  6196 | D:5      | Reached skill level 5 in Maces & Flails
  6548 | D:6      | Reached skill level 5 in Armour
  6605 | D:6      | Killed from afar by an orc priest

Vault maps used:
D:1:      minmay_arrival_widening_spiral_narrow, minmay_liquid_box
D:2:      cheibrodos_pilgrimage
D:3:      grunt_temple_overflow_octagram, minivault_11
D:4:      minmay_temple_entry_grid
D:5:      first_ration, vehumet_altar_wand_db, uniq_duvessa
D:6:      cheibrodos_sewer_entry_drain, minmay_misc_feat_enclosed,
          nicolae_ru_great_annihilating_truth
D:7:      kennysheep_six_static_rooms, serial_shops,
          nicolae_shop_window_shopping
Temple:   nicolae_temple_god_jail
Sewer:    sewer_minmay_treatment

Skill      XL: |  1  2  3  4  5  6  7 |
---------------+----------------------+-----
Armour         | 2 3 4 5 |  5.0
Maces & Flails | 2 3 4 5 |  5.2
Dodging        | 1 |  1.1
Fighting       | 4 5 |  5.7
Stealth        | |  0.4
Invocations    | |  2.8

Action                   |  1- 3 |  4- 6 |  7- 9 || total
-------------------------+-------+-------+-------++-------
Melee: Mace              |    92 |   212 |    97 ||   401
       Whip              |       |       |     2 ||     2
 Fire: Hunting sling     |       |       |    15 ||    15
       Blowgun           |       |       |    13 ||    13
Throw: Stone             |       |    25 |     5 ||    30
Invok: Depart the Abyss  |     1 |       |       ||     1
       Bend Space        |       |     1 |     1 ||     2
  Use: Scroll            |       |     4 |     6 ||    10
       Potion            |       |     1 |       ||     1
  Eat: Chunk             |     3 |     7 |     4 ||    14
       Ration            |       |     1 |       ||     1
Armor: Scale mail        |    48 |   122 |    51 ||   221
       Leather armour    |       |     2 |       ||     2
Dodge: Dodged            |    60 |    90 |    50 ||   200

Table legend:
 A = Spawn XP
 B = Non-spawn XP
 C = Spawn XP percentage of total XP
 D = Spawn monster count
 E = Non-spawn monster count
 F = Spawn count percentage of total count
 G = Total turns spent on level
                    A         B        C        D         E        F      G
               +---------+---------+-------+---------+---------+-------+---------
         Total |       0 |    1412 |   0.0 |       0 |     159 |   0.0 |  6605
               +---------+---------+-------+---------+---------+-------+---------
           D:1 |       0 |      37 |   0.0 |       0 |      20 |   0.0 |   966
           D:2 |       0 |     129 |   0.0 |       0 |      21 |   0.0 |  1325
           D:3 |       0 |      92 |   0.0 |       0 |      24 |   0.0 |  1234
           D:4 |       0 |     330 |   0.0 |       0 |      23 |   0.0 |  1154
           D:5 |       0 |     319 |   0.0 |       0 |      11 |   0.0 |   848
           D:6 |       0 |     262 |   0.0 |       0 |      12 |   0.0 |   273
         Sewer |       0 |     243 |   0.0 |       0 |      48 |   0.0 |   607
               +---------+---------+-------+---------+---------+-------+---------
